General information
- name: BNet
- type: Ladder 1vs1/FFA
- host: Battle.net
- saver: VELOX_NEB
map: TirisfalGlades
- players: 2
- length: 15:34
- speed: Fast
- version: 1.21 W3XP
- replay type: Public
» download(48 KB)
Players
team 1 (loser)

»
calu (
orange | 59 APM | 920 actions | 15:32)
2 Demon Hunter
1 Mana Burn
1 Evasion
2 Naga Sea Witch
1 Frost Arrows
1 Forked Lightning
» actions
| Assign group hotkey | 1 | |
| Basic commands | 1 | |
| Build / train | 35 | |
| ESC pressed | 1 | |
| Enter build submenu | 18 | |
| Enter hero's abilities submenu | 4 | |
| Give item / drop item | 1 | |
| Right click | 567 | |
| Select / deselect | 248 | |
| Use ability | 44 | |
920 total
» units
| Wisp | 8 | |
| Archer | 9 | |
| Druid of the Talon | 2 | |
| Chimaera | 1 | |
20 total
» upgrades
| Druid of the Talon Training | 1 | |
1 total
» buildings
| Altar of Elders | 1 | |
| Moon Well | 7 | |
| Tree of Ages | 3 | |
| Ancient of War | 1 | |
| Ancient of Wind | 1 | |
| Tree of Eternity | 1 | |
| Chimaera Roost | 2 | |
| Tree of Life | 3 | |
19 total
» build order
00:19 Altar of Elders
00:33 Moon Well
02:05 Tree of Ages
02:06 Tree of Ages
02:39 Moon Well
03:26 Moon Well
04:05 Ancient of War
04:21 Moon Well
05:33 Ancient of Wind
05:34 Tree of Eternity
07:17 Moon Well
07:58 Chimaera Roost
08:00 Chimaera Roost
09:18 Moon Well
10:15 Moon Well
12:32 Tree of Life
12:37 Tree of Life
14:33 Tree of Life
» items
team 2 (winner)
VELOX_NEB (
teal | 79 APM | 1224 actions | 15:34)
4 Tauren Chieftain
2 Endurance Aura
2 Shockwave
» actions
| Assign group hotkey | 32 | |
| Basic commands | 202 | |
| Build / train | 49 | |
| ESC pressed | 1 | |
| Enter build submenu | 13 | |
| Enter hero's abilities submenu | 4 | |
| Remove unit from queue | 1 | |
| Right click | 467 | |
| Select / deselect | 268 | |
| Select group hotkey | 165 | |
| Use ability | 22 | |
1224 total
» units
» upgrades
» buildings
| Altar of Storms | 1 | |
| Orc Burrow | 4 | |
| Barracks | 2 | |
| Voodoo Lounge | 2 | |
| Stronghold | 1 | |
| War Mill | 1 | |
| Spirit Lodge | 1 | |
| Fortress | 1 | |
| Beastiary | 1 | |
14 total
» build order
00:07 Altar of Storms
00:22 Orc Burrow
00:36 Barracks
01:35 Orc Burrow
02:07 Voodoo Lounge
02:11 Voodoo Lounge
03:41 Stronghold
04:14 Orc Burrow
05:45 War Mill
05:54 Barracks
07:08 Orc Burrow
08:05 Spirit Lodge
12:32 Fortress
12:38 Beastiary
» items
Chat log
(13:28 / All) VELOX_NEB: lol
(13:32 / All) calu: lol
(15:27 / All) calu: gg
(15:29 / All) VELOX_NEB: gg